 Dungeon Crawl Stone Soup version 0.27-a0-1147-gb3d8e82157 (webtiles) character file.

Game seed: 39446243825765893

766 Mgcat the Magician (level 7, -7/51 HPs)
             Began as a Djinni Conjurer on May 10, 2021.
             Was a Follower of Makhleb.
             Mangled by an orc warrior
             ... wielding a +0 glaive
              (18 damage)
             ... on level 5 of the Dungeon on May 11, 2021.
             The game lasted 00:09:01 (5546 turns).

Mgcat the Magician (Djinni Conjurer)                Turns: 5546, Time: 00:09:02

Health: -7/51      AC:  5    Str:  6    XL:     7   Next: 82%
Gold:   95         EV: 13    Int: 21    God:    Makhleb [*.....] SH:  0 Dex: 12

rFire    + + .     SeeInvis .   m - +1 long sword (vamp) {!w}
rCold    x . .     Faith    .   (no shield)
rNeg     . . .     Spirit   .   a - +0 robe
rPois    ∞         Reflect  .   o - +1 hat
rElec    .         Harm     .   l - +0 cloak
rCorr    .         Rampage  .   t - +0 pair of gloves
Will     .....                  (boots unavailable)
Stlth    ++........             (no amulet)
HPRegen  0.17/turn              (no ring)
MPRegen  0.00/turn              (no ring)

@: about to teleport, flying
A: sickness immunity, fire resistance 2, cold vulnerability 1, float, innate
caster, hp casting, extra vitality 1
a: Renounce Religion


You were on level 5 of the Dungeon.
You worshipped Makhleb.
Makhleb was aware of your devotion.
You visited 1 branch of the dungeon, and saw 5 of its levels.
You also visited: Ossuary.

You collected 140 gold pieces.
You spent 45 gold pieces at shops.

Inventory:

Hand Weapons
 m - a +1 vampiric long sword (weapon) {!w}
   (You found it on level 3 of the Dungeon)
Armour
 a - a +0 robe (worn)
 l - a +0 cloak (worn)
   (You found it on level 2 of the Dungeon)
 o - a +1 hat (worn)
   (You found it on level 3 of the Dungeon)
 t - a +0 pair of gloves (worn)
   (You bought it in a shop on level 3 of the Dungeon)
Magical Staves
 s - a staff of cold {rC+}
   (You took it off a goblin on level 3 of the Dungeon)
Wands
 j - a wand of polymorph (2)
   (You took it off Terence on level 3 of the Dungeon)
Scrolls
 c - a scroll of teleportation
 d - a scroll of identify {unknown}
 e - a scroll of magic mapping {!r}
 f - a scroll of fog
 k - a scroll of silence {unknown}
Potions
 b - a potion of resistance {unknown}
 g - a potion of haste {unknown}
 h - 2 potions of magic {unknown}
 i - 3 potions of lignification {unknown}
 p - a potion of brilliance {unknown}
 q - a potion of berserk rage {unknown}


   Skills:
 + Level 3.6 Fighting
 + Level 4.1 Dodging
 + Level 3.3 Stealth
 * Level 6.0 Spellcasting


You couldn't memorise any spells.
You knew the following spells:

 Your Spells              Type           Power      Damage    Failure   Level
a - Magic Dart            Conj           100%       1d8       1%          1
b - Searing Ray           Conj           62%        3d5       1%          2
c - Dazzling Flash        Conj/Hex       62%        N/A       2%          3
d - Fulminant Prism       Conj/Hex       15%        3d11      9%          4
e - Iskenderun's Mystic   Conj/Tloc      31%        2d8       9%          4
f - Corona                Hex            34%        N/A       1%          1
g - Poisonous Vapours     Pois/Air       62%        N/A       1%          2
h - Ensorcelled Hibernat  Hex/Ice        62%        N/A       1%          2
Your spell library was empty.

Dungeon Overview and Level Annotations

Branches:
Dungeon (5/15)             Temple (0/1) D:5         Ossuary (visited)

Altars:
Kikubaaqudgha
Makhleb

Shops:
D:3 ?[

Annotations:
D:2 1 runed translucent door, Crazy Yiuf


Innate Abilities, Weirdness & Mutations

You are immune to sickness and miasma.
You are immune to poison.
Your flesh is very heat resistant. (rF++)
You are vulnerable to cold. (rC-)
You float through the air rather than walking.
You learn spells naturally, not from books.
Your magical power is your life essence.
You have superior vitality. (+4 HP)


Message History

The ogre is lightly wounded.
The ogre shouts!
You hear a shout! x4
You take 1 damage, and have 36/50 hp.
Spoiler Alert: The ogre can hit for high damage in melee!
Casting: Magic Dart (safe; 1% risk of failure)
Confirm with . or Enter, or press ? or * to list all spells.
Aiming: Magic Dart (safe; 1% risk of failure)
Press: ? - help, Shift-Dir - straight line, f/p - ogre
Aim: an ogre, wielding a +0 giant club (lightly wounded, 100% to hit)
The magic dart hits the ogre but does no damage.
The ogre is lightly wounded.
You take 1 damage, and have 35/50 hp.
Spoiler Alert: The ogre can hit for high damage in melee!
Casting: Magic Dart (safe; 1% risk of failure)
Confirm with . or Enter, or press ? or * to list all spells.
You can't see any susceptible monsters within range! (Use Z to cast anyway.)
Casting: Magic Dart (safe; 1% risk of failure)
Confirm with . or Enter, or press ? or * to list all spells.
Aiming: Magic Dart (safe; 1% risk of failure)
Press: ? - help, Shift-Dir - straight line, f/p - ogre
Aim: an ogre, wielding a +0 giant club (lightly wounded, 100% to hit)
The magic dart hits the ogre!
The ogre is moderately wounded.
You take 1 damage, and have 34/50 hp.
Spoiler Alert: The ogre can hit for high damage in melee!
Casting: Magic Dart (safe; 1% risk of failure)
Confirm with . or Enter, or press ? or * to list all spells.
Aiming: Searing Ray (safe; 1% risk of failure)
Press: ? - help, Shift-Dir - straight line, f/p - ogre
Aim: an ogre, wielding a +0 giant club (moderately wounded, 90% to hit)
The searing ray hits the ogre.
The ogre is heavily wounded. (Press . to maintain the ray.)
You take 2 damage, and have 32/50 hp.
Spoiler Alert: The ogre can hit for high damage in melee!
The searing ray hits the ogre!
The ogre is almost dead.
The searing ray hits the ogre!
You kill the ogre!
Makhleb accepts your kill.
Your Spellcasting skill increases to level 6!
You take 1 damage, and have 31/51 hp.
An orc warrior comes into view. It is wielding a +0 glaive.
You regained 3 hp, and now have 34/51 hp.
Spoiler Alert: The orc warrior can hit for high damage!
An orc warrior is nearby!
Casting: Searing Ray (safe; 1% risk of failure)
Confirm with . or Enter, or press ? or * to list all spells.
Aiming: Magic Dart (safe; 1% risk of failure)
Press: ? - help, Shift-Dir - straight line, f - orc warrior
Aim: an orc warrior, wielding a +0 glaive and wearing a +0 plate armour (100% to hit)
The magic dart hits the orc warrior but does no damage.
You take 1 damage, and have 33/51 hp.
Spoiler Alert: The orc warrior can hit for high damage!
Casting: Magic Dart (safe; 1% risk of failure)
Confirm with . or Enter, or press ? or * to list all spells.
Aiming: Magic Dart (safe; 1% risk of failure)
Press: ? - help, Shift-Dir - straight line, f/p - orc warrior
Aim: an orc warrior, wielding a +0 glaive and wearing a +0 plate armour (100% to hit)
The magic dart hits the orc warrior.
The orc warrior is lightly wounded.
You take 1 damage, and have 32/51 hp.
Spoiler Alert: The orc warrior can hit for high damage!
Casting: Magic Dart (safe; 1% risk of failure)
Confirm with . or Enter, or press ? or * to list all spells.
Aiming: Searing Ray (safe; 1% risk of failure)
Press: ? - help, Shift-Dir - straight line, f/p - orc warrior
Aim: an orc warrior, wielding a +0 glaive and wearing a +0 plate armour (lightly wounded, 79% to hit)
The searing ray hits the orc warrior.
The orc warrior is lightly wounded. (Press . to maintain the ray.)
You take 2 damage, and have 30/51 hp.
Spoiler Alert: The orc warrior can hit for high damage!
The searing ray hits the orc warrior but does no damage.
The orc warrior is lightly wounded.
The orc warrior hits you from afar with a +0 glaive!
* * * LOW HITPOINT WARNING * * *
You take 17 damage, and have 13/51 hp.
MASSIVE DAMAGE!!
The searing ray hits the orc warrior.
The orc warrior is moderately wounded.
* * * LOW HITPOINT WARNING * * *
The orc warrior barely misses you.
You take 1 damage, and have 12/51 hp.
Spoiler Alert: The orc warrior can hit for high damage!
An orc comes into view. It is wielding a +0 dagger.
The orc warrior closely misses you.
The orc warrior hits you but does no damage.
A hound zombie comes into view.
The orc warrior hits you from afar with a +0 glaive.
* * * LOW HITPOINT WARNING * * *
You take 3 damage, and have 11/51 hp.
Spoiler Alert: The orc warrior can hit for high damage!
An orc wizard comes into view. It is wielding a +0 dagger.
The orc shouts!
You hear a shout!
Warning x2: The orc wizard might cast Slow, Confuse, or go Invisible!
The orc warrior can hit for high damage!
As you read the scroll of teleportation, it crumbles to dust.
You feel strangely unstable.
An orc priest comes into view. It is wielding a +0 club.
The orc warrior hits you from afar with a +0 glaive!!
You die...

# #.).# # #.o.# #
#####$..####
........o...#####
.#...#..........# .
.............##..)
.#...#...###.##$#...
.........###........
######...@.o....####
############


You could see an orc warrior, an orc priest and an orc wizard.

Vanquished Creatures
  An ogre (D:5)
  A phantom (D:5)
  A scorpion (D:3)
  2 water moccasin skeletons
  A howler monkey (D:5)
  A jelly (D:5)
  A centaur skeleton (D:4)
  An orc priest (D:4)
  Terence (D:3)
  Natasha (thrice) (D:4)
  A hound skeleton (D:4)
  4 gnolls (D:4)
  4 adders
  2 adder zombies (Ossuary)
  A worm (D:3)
  2 dart slugs (D:1)
  18 orcs
  9 endoplasms
  4 giant cockroaches
  8 goblins
  10 hobgoblins
  5 quokkas
  10 ball pythons
  5 bats
  A frilled lizard (D:3)
  2 hobgoblin zombies (Ossuary)
  2 jackal zombies (Ossuary)
  5 kobolds
  An orc zombie (Ossuary)
  3 quokka zombies (Ossuary)
  9 rats
119 creatures vanquished.

Vanquished Creatures (others)
  2 withered plants (D:4)
2 creatures vanquished.

Grand Total: 121 creatures vanquished

Notes
Turn   | Place    | Note
-------+----------+-------------------------------------------
     0 | D:1      | Mgcat the Djinni Conjurer began the quest for the Orb.
     0 | D:1      | Reached XP level 1. HP: 15/15 MP: 0/0
   490 | D:1      | Reached XP level 2. HP: 14/22 MP: 0/0
   669 | D:1      | Reached skill level 1 in Fighting
   761 | D:1      | Reached skill level 4 in Spellcasting
  1028 | D:1      | Reached XP level 3. HP: 24/27 MP: 0/0
  1028 | D:1      | Learned a level 1 spell: Corona
  1895 | D:2      | Found a runed translucent door.
  1896 | D:2      | Noticed Crazy Yiuf
  1982 | D:2      | Found a faded altar of an unknown god.
  2049 | D:2      | Reached XP level 4. HP: 18/33 MP: 0/0
  2654 | D:3      | Found Kuyvakuf's Armour Emporium.
  2658 | D:3      | Found a burning altar of Makhleb.
  2665 | D:3      | Bought a +0 pair of gloves for 45 gold pieces
  2681 | D:3      | Became a worshipper of Makhleb the Destroyer
  2689 | D:3      | Noticed Terence
  2779 | D:3      | Found Diann's Magic Scroll Shop.
  3099 | D:4      | Found a sand-covered staircase.
  3105 | Ossuary  | Entered an ossuary
  3112 | Ossuary  | Upgraded the game from 0.27-a0-1144-g0b7d3b79db to
                  | 0.27-a0-1147-gb3d8e82157
  3229 | Ossuary  | Reached skill level 2 in Fighting
  3234 | Ossuary  | HP: 1/33 [elf zombie (5)]
  3630 | D:4      | Reached XP level 5. HP: 17/38 MP: 0/0
  3630 | D:4      | Learned a level 2 spell: Poisonous Vapours
  3679 | D:4      | Reached skill level 2 in Stealth
  3767 | D:4      | Reached * piety under Makhleb
  4007 | D:4      | Noticed Natasha
  4012 | D:4      | Killed Natasha
  4162 | D:4      | Noticed Natasha
  4166 | D:4      | Killed Natasha
  4167 | D:4      | Reached skill level 5 in Spellcasting
  4325 | D:4      | Reached skill level 3 in Dodging
  4325 | D:4      | Reached XP level 6. HP: 17/45 MP: 0/0
  4474 | D:4      | Noticed Natasha
  4641 | D:4      | Killed Natasha
  5103 | D:4      | Reached skill level 3 in Fighting
  5267 | D:3      | Killed Terence
  5268 | D:3      | Reached XP level 7. HP: 44/50 MP: 0/0
  5268 | D:3      | Learned a level 2 spell: Ensorcelled Hibernation
  5299 | D:5      | Entered Level 5 of the Dungeon
  5359 | D:5      | Reached skill level 3 in Stealth
  5365 | D:5      | Found a staircase to the Ecumenical Temple.
  5496 | D:5      | Reached skill level 4 in Dodging
  5518 | D:5      | Reached skill level 6 in Spellcasting
  5543 | D:5      | HP: 11/51 [orc warrior/+0 glaive (3)]
  5546 | D:5      | Mangled by an orc warrior

Illustrated notes

Levels and vault maps discovered:
D:1:      tarquinn_simple_flora_water_a, layout_basic
D:2:      layout_rooms, hellmonk_ecumenical_altar_slurped_away,
          uniq_crazy_yiuf_cottage
D:3:      layout_loops_ring, lemuel_crystal_altar, serial_shops,
          nicolae_shop_behind_doors, shop, uniq_terence
D:4:      layout_loops_cross, kiku_gazebo_garden_becter, portal_sewer_entry_b,
          nicolae_ossuary_entry_plus, uniq_natasha
D:5:      layout_loops_corners, lemuel_coloured_pillars_altar, slow_altar_2,
          minmay_temple_entry_statues_pillars

Skill      XL: |  1  2  3  4  5  6  7 |
---------------+----------------------+-----
Fighting       | 1 2 3 |  3.6
Spellcasting   | 4 5 6 |  6.0
Stealth        | 2 3 |  3.3
Dodging        | 3 4 |  4.1

Action                   |  1- 3 |  4- 6 |  7- 9 || total
-------------------------+-------+-------+-------++-------
Melee: Unarmed           |     1 |       |       ||     1
 Cast: Magic Dart        |    86 |   150 |    20 ||   256
       Searing Ray       |       |    15 |     6 ||    21
  Use: Scroll            |       |     8 |     1 ||     9
Armor: Robe              |     2 |    18 |     2 ||    22
Dodge: Dodged            |     6 |    38 |     2 ||    46

Table legend: (Time is in decaauts)
 A = Elapsed time spent in this place.
 B = Non-inter-level travel time spent in this place.
 C = Inter-level travel time spent in this place.
 D = Time resting spent in this place.
 E = Time spent auto-exploring this place.
 F = Levels seen in this place.
 G = Mean time per level.
                   A        B        C        D        E       F      G
               +--------+--------+--------+--------+--------+-----+--------+
         Total |   5546 |   5313 |    233 |    748 |   3930 |   6 |  924.3 |
       Dungeon |   5078 |   4845 |    233 |    427 |   3869 |   5 | 1015.6 |
       Ossuary |    467 |    467 |      0 |    321 |     61 |   1 |  467.0 |
               +--------+--------+--------+--------+--------+-----+--------+

Top non-repeatable levels by time:
     D:4: 1696 daAuts
     D:1: 1532 daAuts
     D:3: 896 daAuts
     D:2: 706 daAuts
 Ossuary: 467 daAuts
     D:5: 246 daAuts

Table legend:
 A = Kills in this place as a percentage of kills in entire the game.
 B = Kills by you in this place as a percentage of kills by you in the entire game.
 C = Kills by friends in this place as a percentage of kills by friends in the entire game.
 D = Other kills in this place as a percentage of other kills in the entire game.
 E = Experience gained in this place as a percentage of experience gained in the entire game.
 F = Experience gained in this place divided by the number of levels of this place that you have seen.
                   A       B       C       D       E      F
               +-------+-------+-------+-------+-------+----------------------
         Total | 100.0 | 100.0 |   N/A |   N/A | 100.0 | 182.5
       Dungeon |  91.6 |  91.6 |   N/A |   N/A |  98.3 | 215.2
       Ossuary |   8.4 |   8.4 |   N/A |   N/A |   1.7 |  19.0
               +-------+-------+-------+-------+-------+----------------------
